 Dungeon Crawl Stone Soup version 0.29.1-13-g9f3cf754e1 (webtiles) character file.

Game seed: 11021205515117854960

73 Heoruswealwe the Grave Robber (level 4, -3/24 HPs)
             Began as a Deep Elf Necromancer on Feb 1, 2023.
             Slain by an ice beast (6 damage)
             ... on level 3 of the Dungeon.
             The game lasted 00:26:09 (1574 turns).

Heoruswealwe the Grave Robber (DENe)                Turns: 1574, Time: 00:26:12

Health: -3/24      AC:  2    Str:  5    XL:     4   Next: 8%
Magic:  4/12       EV: 12    Int: 22    God:
Gold:   118        SH:  0    Dex: 15    Spells: 10/11 levels left

rFire   . . .      SeeInvis .   g - +0 dagger
rCold   . . .      Faith    .   (no shield)
rNeg    . . .      Spirit   .   a - +0 robe
rPois   .          Reflect  .   (no helmet)
rElec   .          Harm     .   (no cloak)
rCorr   .          Rampage  .   (no gloves)
Will    .....                   (no boots)
Stlth   ++........              (no amulet)
HPRegen 0.08/turn               (no ring)
MPRegen 0.13/turn               (no ring)

@: no status effects
A: no striking features
a: no special abilities


You were on level 3 of the Dungeon.
You visited 1 branch of the dungeon, and saw 5 of its levels.

You collected 118 gold pieces.

Inventory:

Hand Weapons
 f - a +0 short sword
 g - a +0 dagger (weapon)
 i - a +0 short sword
 j - a +0 dagger
 k - a +2 dagger of venom
Missiles
 x - 7 stones
Armour
 a - a +0 robe (worn)
 h - a +0 leather armour
 l - a +0 helmet
 m - a +0 leather armour
 p - a +0 leather armour
 q - a +0 leather armour
Jewellery
 z - an amulet of faith
Scrolls
 d - 4 scrolls of teleportation {unknown}
 e - a scroll of amnesia {unknown}
 n - a scroll of butterflies {unknown}
 s - 2 scrolls of identify {unknown}
 u - a scroll of fear {unknown}
 v - a scroll of brand weapon {unknown}
 y - 2 scrolls of noise {unknown}
 A - a scroll of immolation {unknown}
Potions
 b - a potion of magic
 c - a potion of heal wounds {unknown}
 o - a potion of berserk rage {unknown}
 r - a potion of curing {unknown}
 t - a potion of haste {unknown}
 w - a potion of degeneration {unknown}


   Skills:
 + Level 2.6(1.3) Dodging
 + Level 2.6(1.3) Stealth
 + Level 4.3(2.1) Spellcasting
 + Level 6.0(3.0) Necromancy


You had 10 spell levels left.
You knew the following spells:

 Your Spells              Type           Power      Damage    Failure   Level
a - Necrotise             Necr           60%        1d7       4%          1

Your spell library contained the following spells:

 Spells                   Type           Power      Damage    Failure   Level
 Vampiric Draining        Necr           15%        2d7       12%         3
 Animate Dead             Necr           15%        N/A       36%         4
 Gell's Gravitas          Tloc           2%         N/A       38%         3
 Lesser Beckoning         Tloc           2%         N/A       38%         3
 Teleport Other           Tloc           2%         N/A       38%         3
 Agony                    Necr           15%        N/A       73%         5


Dungeon Overview and Level Annotations

Branches:
Dungeon (5/15)
 Temple: D:4-7

Altars:
Ashenzari

Shops:
D:3 :   D:4 =


Message History

Aim: an ice beast (lightly wounded, chance to affect: 72%)
The ice beast writhes in agony.
Casting: Necrotise (safe; 4% risk of failure)
Confirm with . or Enter, or press ? or * to list all spells.
Aiming: Necrotise (safe; 4% risk of failure)
Press: ? - help, Shift-Dir - straight line, f/p - ice beast
Aim: an ice beast (moderately wounded, chance to affect: 72%)
The ice beast struggles to resist.
The ice beast hits you but does no damage.
Casting: Necrotise (safe; 4% risk of failure)
Confirm with . or Enter, or press ? or * to list all spells.
Aiming: Necrotise (safe; 4% risk of failure)
Press: ? - help, Shift-Dir - straight line, f/p - ice beast
Aim: an ice beast (moderately wounded, chance to affect: 72%)
The ice beast writhes in agony.
The ice beast hits you. The ice beast freezes you!
Ouch! That really hurt!
Casting: Necrotise (safe; 4% risk of failure)
Confirm with . or Enter, or press ? or * to list all spells.
Aiming: Necrotise (safe; 4% risk of failure)
Press: ? - help, Shift-Dir - straight line, f/p - ice beast
Aim: an ice beast (moderately wounded, chance to affect: 72%)
The ice beast struggles to resist.
The ice beast closely misses you.
Your magical contamination has completely faded away.
Casting: Necrotise (safe; 4% risk of failure)
Confirm with . or Enter, or press ? or * to list all spells.
Aiming: Necrotise (safe; 4% risk of failure)
Press: ? - help, Shift-Dir - straight line, f/p - ice beast
Aim: an ice beast (moderately wounded, chance to affect: 72%)
The ice beast struggles to resist.
The ice beast hits you but does no damage.
Casting: Necrotise (safe; 4% risk of failure)
Confirm with . or Enter, or press ? or * to list all spells.
Aiming: Necrotise (safe; 4% risk of failure)
Press: ? - help, Shift-Dir - straight line, f/p - ice beast
Aim: an ice beast (moderately wounded, chance to affect: 72%)
The ice beast writhes in agony.
The ice beast hits you.
* * * LOW HITPOINT WARNING * * *
The ice beast freezes you.
You die...

............######.#######
......#.##.......#........
......#.###..###....######
......#.#.................
.....##.##.##.....#.#..#.#
..... ............#.#..#
..... #.#.###..#..#.# .#
#.......>#..#.# .#
##.######@.#.. #Y.######(
#<........ #...#####.
#.#.# #.)†. ###.## .# .#


You could see an ice beast.

Vanquished Creatures
  3 adders
  2 ball pythons (D:1)
  3 endoplasms (D:1)
  3 giant cockroaches (D:1)
  2 hobgoblins (D:1)
  11 jackals
  3 quokkas
  2 bats
  A frilled lizard (D:3)
  2 goblins (D:1)
  A kobold (D:1)
  5 rats
38 creatures vanquished.

Vanquished Creatures (collateral kills)
  2 jackals (D:2)
  A frilled lizard (D:3)
  A kobold (D:2)
4 creatures vanquished.

Vanquished Creatures (others)
  A fungus (D:1)
  2 plants (D:1)
3 creatures vanquished.

Grand Total: 45 creatures vanquished

Notes
Turn   | Place    | Note
-------+----------+-------------------------------------------
     0 | D:1      | Heoruswealwe the Deep Elf Necromancer began the quest for
                  | the Orb.
     0 | D:1      | Reached XP level 1. HP: 10/10 MP: 6/6
    53 | D:2      | Reached skill level 5 in Necromancy
    56 | D:2      | Reached XP level 2. HP: 15/15 MP: 2/8
   425 | D:1      | Found a faded altar of an unknown god.
   429 | D:1      | Reached XP level 3. HP: 19/19 MP: 6/9
   457 | D:1      | Prayed at the altar of an unknown god.
   457 | D:1      | Became a worshipper of Ashenzari the Shackled
   458 | D:1      | Fell from the grace of Ashenzari
  1335 | D:2      | You fall into a shaft and drop 1 floor!
  1335 | D:3      | Found Jeerajae's Vocational Training.
  1414 | D:3      | Reached skill level 6 in Necromancy
  1414 | D:3      | Reached XP level 4. HP: 22/24 MP: 3/12
  1507 | D:4      | Found Heimeiq's Jewellery Emporium.
  1516 | D:5      | Entered Level 5 of the Dungeon
  1560 | D:3      | Noticed an ice beast
  1574 | D:3      | Slain by an ice beast

Illustrated notes

Levels and vault maps discovered:
D:1:      mainiacjoe_arrival_reflecting_pool, layout_loops_ring,
          shapermc_ecumenical_altar_ellora, minmay_misc_feat_tower
D:2:      layout_rooms, due_unseen_surprise
D:3:      layout_basic, nicolae_shop_vocational
D:4:      layout_loops_ring, minmay_temple_entry_enclosed_plants,
          nicolae_stop_n_shop_2
D:5:      layout_basic, mainiacjoe_overflow_large_starburst,
          gup_sewer_entry_pipe, hangedman_abyss_or_decor_stabs,
          palyth_stone_intersect, chequers_serial_rivers_small_a

Skill      XL: |  1  2  3 |
---------------+----------+-----
Necromancy     | 5 6 |  6.0
Spellcasting   | 4 |  4.3
Dodging        | |  2.6
Stealth        | |  2.6

Action                   |  1- 3 |  4- 6 || total
-------------------------+-------+-------++-------
Melee: Dagger            |    11 |       ||    11
       Punch             |     1 |       ||     1
 Cast: Necrotise         |    64 |    11 ||    75
Invok: Renounce Religion |     1 |       ||     1
Armor: Robe              |     6 |     2 ||     8
Dodge: Dodged            |    17 |     1 ||    18
